 Dungeon Crawl Stone Soup version 0.28-a0-249-g9004c80361 (webtiles) character file.

Game seed: 10166889857389768012

77 Nikola2751 the Chopper (level 4, -2/41 HPs)
             Began as a Hill Orc Berserker on Aug 26, 2021.
             Was a Follower of Trog.
             Slain by Grinder (5 damage)
             ... on level 3 of the Dungeon.
             The game lasted 00:23:29 (1513 turns).

Nikola2751 the Chopper (Hill Orc Berserker)         Turns: 1513, Time: 00:23:30

Health: -2/41      AC:  3    Str: 20    XL:     4   Next: 33%
Magic:  4/4        EV: 11    Int:  7    God:    Trog [*.....]
Gold:   38         SH:  0    Dex: 10    Spells: 3/3 levels left

rFire   . . .      SeeInvis .   b - +0 mace
rCold   . . .      Faith    .   (no shield)
rNeg    . . .      Spirit   .   e - +0 leather armour
rPois   .          Reflect  .   (no helmet)
rElec   .          Harm     .   (no cloak)
rCorr   .          Rampage  .   (no gloves)
Will    ++...                   (no boots)
Stlth   +.........              (no amulet)
HPRegen 1.13/turn               (no ring)
MPRegen 0.09/turn               (no ring)

@: strong-willed, on berserk cooldown, regenerating, slowed, very slow
A: no striking features
a: Renounce Religion, Berserk


You were on level 3 of the Dungeon.
You worshipped Trog.
Trog was aware of your devotion.
You visited 1 branch of the dungeon, and saw 3 of its levels.

You collected 38 gold pieces.

Inventory:

Hand Weapons
 b - a +0 mace (weapon)
Armour
 e - a +0 leather armour (worn)
Scrolls
 c - a scroll of fog {unknown}
 j - a scroll of identify
Potions
 a - a potion of mutation {unknown}


   Skills:
 + Level 4.5 Fighting
 + Level 5.0(5.1) Axes
 + Level 0.8(2.7) Maces & Flails
 + Level 2.4 Armour
 + Level 2.1 Dodging
 + Level 0.1 Stealth


You had 3 spell levels left.
You didn't know any spells.
Your spell library was empty.

Dungeon Overview and Level Annotations

Branches:
Dungeon (3/15)

Altars:

Shops:
D:1 **[=:

Annotations:
D:3 Grinder


Message History

Grinder hits you.
* * * LOW HITPOINT WARNING * * *
Grinder blinks!
Your skin crawls.
You feel strong-willed.
Unknown command.
A red film seems to cover your vision as you go berserk!
You feel yourself moving faster!
You feel mighty!
You feel a strong urge to attack something.
You feel your anger nearly subside.
You sock Grinder!
Grinder is severely wounded.
You are no longer berserk.
You are exhausted.
You feel yourself slow down. Grinder hits you!
* * * LOW HITPOINT WARNING * * *
You writhe in agony.
* * * LOW HITPOINT WARNING * * *
You hit Grinder.
Grinder is severely wounded.
Grinder completely misses you.
Grinder blinks!
Grinder blinks!
Your skin crawls.
You feel strong-willed.
You can no longer call upon Trog for regeneration and willpower.
Grinder says, "You look like you could use a good racking."
Grinder barely misses you. Grinder says, "Are you a fish?"
Grinder blinks!
Grinder gestures at you. You resist with almost no effort.
Grinder says, "I used to sell toenails on the black market."
Grinder hits you.
You writhe in agony.
* * * LOW HITPOINT WARNING * * *
You completely miss Grinder.
Grinder is severely wounded.
Grinder hits you!
* * * LOW HITPOINT WARNING * * *
You writhe in agony.
You die...

......# ......#### #......
..........##......
.......##......... r#
.................# .#
......##.........######.##
......# #................#
#.###.###................#
..†.............@5.......#
.....†.............####.#
......)..........#....).##
#..#.................#)..#
.................###.##.....#
..#.###.....................#
....#
##.........#####........
.................# #.......
..<..............# .......


You could see Grinder.

Vanquished Creatures
  Jessica (D:2)
  An adder (D:2)
  3 dart slugs
  An orc (D:3)
  A ball python (D:1)
  2 bats (D:1)
  An endoplasm (D:1)
  2 giant cockroaches
  2 hobgoblins (D:1)
  4 jackals (D:1)
  3 kobolds
  A quokka (D:3)
  2 frilled lizards
  5 goblins
  4 rats
33 creatures vanquished.

Notes
Turn   | Place    | Note
-------+----------+-------------------------------------------
     0 | D:1      | Nikola2751 the Hill Orc Berserker began the quest for the
                  | Orb.
     0 | D:1      | Reached XP level 1. HP: 19/19 MP: 1/1
    64 | D:1      | Found Fixtiski's Armour Emporium.
   301 | D:1      | Found Laoso's General Store.
   335 | D:1      | Reached XP level 2. HP: 27/27 MP: 2/2
   745 | D:1      | Found Ohawoli's Jewellery Shop.
   774 | D:1      | Found Tikus's Book Shoppe.
   913 | D:1      | Found a faded altar of an unknown god.
   917 | D:1      | Reached XP level 3. HP: 33/33 MP: 3/3
   974 | D:1      | Found Ediagh's General Store.
  1253 | D:2      | Noticed Jessica
  1266 | D:2      | Killed Jessica
  1305 | D:2      | Reached XP level 4. HP: 33/41 MP: 4/4
  1333 | D:3      | Reached ** piety under Trog
  1334 | D:3      | Reached skill level 5 in Axes
  1478 | D:3      | Noticed Grinder
  1491 | D:3      | Paralysed by Grinder for 5 turns
  1513 | D:3      | Slain by Grinder

Illustrated notes

Levels and vault maps discovered:
D:1:      minmay_arrival_five_plusses, layout_basic, serial_shops,
          nicolae_shop_stone, nicolae_shop_window_shopping,
          nicolae_lakefront_shop, shop, nicolae_square_shop,
          shapermc_ecumenical_altar_pompeii
D:2:      layout_rooms, serial_shops, nicolae_shop_behind_doors, uniq_robin,
          uniq_jessica
D:3:      minmay_diamond_boxcup, layout_rooms, lemuel_tele_altar, serial_shops,
          nicolae_shop_behind_doors, bh_walls_and_bars, uniq_grinder

Skill      XL: |  1  2  3  4 |
---------------+-------------+-----
Fighting       | 4 |  4.5
Dodging        | 2 |  2.1
Axes           | 5 |  5.0
Maces & Flails | |  0.8
Armour         | |  2.4
Stealth        | |  0.1

Action                   |  1- 3 |  4- 6 || total
-------------------------+-------+-------++-------
Melee: Hand axe          |    35 |       ||    35
       Mace              |    17 |    24 ||    41
Invok: Berserk           |     4 |     1 ||     5
       Trog's Hand       |       |     3 ||     3
  Use: Potion            |     2 |       ||     2
       Scroll            |     3 |       ||     3
 Stab: Sleeping          |     1 |       ||     1
Armor: Animal skin       |     2 |       ||     2
       Leather armour    |    13 |     3 ||    16
Dodge: Dodged            |    43 |    10 ||    53

Table legend: (Time is in decaauts)
 A = Elapsed time spent in this place.
 B = Non-inter-level travel time spent in this place.
 C = Inter-level travel time spent in this place.
 D = Time resting spent in this place.
 E = Time spent auto-exploring this place.
 F = Levels seen in this place.
 G = Mean time per level.
                   A        B        C        D        E       F      G
               +--------+--------+--------+--------+--------+-----+--------+
         Total |   1568 |    907 |    661 |    228 |    283 |   3 |  522.7 |
       Dungeon |   1568 |    907 |    661 |    228 |    283 |   3 |  522.7 |
               +--------+--------+--------+--------+--------+-----+--------+

Top non-repeatable levels by time:
     D:1: 1260 daAuts
     D:3: 205 daAuts
     D:2: 103 daAuts
